 Dungeon Crawl Stone Soup version 0.18.1-48-g4cf74bf (webtiles) character file.

75 Tamulis the Ducker (level 4, 0/42 HPs)
             Began as a Troll Warper on July 17, 2016.
             Slain by an adder (4 damage)
             ... on level 4 of the Dungeon.
             The game lasted 00:06:07 (1176 turns).

Tamulis the Ducker (Troll Warper)                   Turns: 1176, Time: 00:06:08

Health: 0/42       AC:  5    Str: 20    XL:     4   Next: 11%
Magic:  5/5        EV: 10    Int:  9    God:
Gold:   23         SH:  0    Dex:  9    Spells: 1 memorised, 4 levels left

rFire  . . .     SeeInvis .     a - +0 mace
rCold  . . .     Gourm    +     b - +0 robe
rNeg   . . .     Faith    .     (no shield)
rPois  .         Spirit   .     (helmet restricted)
rElec  .         Dismiss  .     (no cloak)
rCorr  .         Reflect  .     (gloves unavailable)
SustAt .         Harm     .     (boots unavailable)
MR     .....                    (no amulet)
Stlth  +.........               (no ring)
                                (no ring)

@: lethally poisoned (0 -> 0), not resistant to hostile enchantments, very
unstealthy
A: unfitting armour, claws 3, fast metabolism 3, gourmand, regeneration 2,
shaggy fur 1, tough skin 2
a: no special abilities


You were on level 4 of the Dungeon.
You were not hungry.

You visited 1 branch of the dungeon, and saw 4 of its levels.

You collected 23 gold pieces.

Inventory:

Hand Weapons
 a - a +0 mace (weapon)
Missiles
 e - 5 tomahawks of dispersal (quivered)
Armour
 b - a +0 robe (worn)
Jewellery
 h - an uncursed ring of poison resistance {unknown}
 k - an uncursed ring of fire {unknown}
 r - an uncursed ring of flight {unknown}
Scrolls
 d - 2 scrolls of blinking
 g - 2 scrolls of remove curse {unknown}
 i - a scroll of amnesia {unknown}
 j - a scroll of enchant weapon {unknown}
 m - a scroll of teleportation {unknown}
 p - a scroll of enchant armour {unknown}
 q - a scroll of identify {unknown}
Potions
 l - a potion of agility {unknown}
 o - 3 potions of lignification {unknown}
Books
 c - a book of Spatial Translocations

   Spells                             Type                      Level
   a - Apportation                    Translocation                1
   b - Blink                          Translocation                2
   c - Shroud of Golubria             Charms/Translocation         2
   d - Portal Projectile              Translocation                3
   e - Teleport Other                 Translocation                3
   f - Passage of Golubria            Translocation                4
Comestibles
 n - 2 meat rations


   Skills:
 + Level 1.9 Fighting
 + Level 2.2 Maces & Flails
 + Level 1.0 Throwing
 + Level 2.9 Dodging
 + Level 0.1 Stealth
 + Level 1.4 Spellcasting
 + Level 2.4 Translocations


You had 4 spell levels left.
You knew the following spells:

 Your Spells              Type           Power        Failure   Level  Hunger
a - Apportation           Tloc           #.........   14%         1    ##.....


Dungeon Overview and Level Annotations

Branches:
Dungeon (4/15)
 Temple: D:4-7

Altars:


Innate Abilities, Weirdness & Mutations

You are too large for most types of armour.
You have claws for hands.
Your metabolism is lightning-fast.
You like to eat raw meat.
You heal very quickly.
You are covered in fur (AC +1).
You have very tough skin (AC +2).


Message History

You are poisoned.
The adder poisons you! The iguana bites you.
You barely miss the adder.
The adder is lightly wounded.
You feel sick. The adder bites you. The iguana barely misses you.
The adder bites you.
You closely miss the adder.
The adder is lightly wounded.
The iguana bites you. The adder bites you.
You hit the iguana.
The iguana is moderately wounded.
You feel sick. The adder closely misses you. The iguana bites you!
* * * LOW HITPOINT WARNING * * *
The adder bites you but does no damage. The iguana closely misses you.
You barely miss the iguana.
The iguana is moderately wounded.
The adder bites you but does no damage. The iguana bites you.
* * * LOW HITPOINT WARNING * * *
The adder bites you.
You die...

##.......##
##.....##
##...## ##'##
#.# #######.#
........######
.#####.......#
#..@l....#
#...S.....#
.....##......#
.####
#........
#..###.## ....
.# #.## # #.#


You could see an iguana and an adder.

Vanquished Creatures
  A scorpion (D:4)
  An ooze (D:1)
  A dart slug (D:1)
  2 giant geckos
  5 goblins (D:1)
  4 hobgoblins (D:1)
  A giant newt (D:1)
  2 kobolds (D:1)
  5 rats
22 creatures vanquished.

Notes
Turn   | Place    | Note
--------------------------------------------------------------
     0 | D:1      | Tamulis the Troll Warper began the quest for the Orb.
     0 | D:1      | Reached XP level 1. HP: 19/19 MP: 1/1
    63 | D:1      | Reached skill level 1 in Throwing
   451 | D:1      | Reached XP level 2. HP: 27/27 MP: 2/2
   600 | D:1      | Paralysed by fainting for 9 turns
  1094 | D:1      | Paralysed by fainting for 9 turns
  1138 | D:3      | Reached XP level 3. HP: 29/35 MP: 4/4
  1150 | D:4      | Noticed a scorpion
  1159 | D:4      | Killed a scorpion
  1159 | D:4      | Reached XP level 4. HP: 28/42 MP: 5/5
  1176 | D:4      | Slain by an adder

Skill      XL: |  1  2 |
---------------+-------+-----
Throwing       | 1 |  1.0
Dodging        | 2 |  2.9
Maces & Flails | 2 |  2.2
Fighting       | |  1.9
Stealth        | |  0.1
Spellcasting   | |  1.4
Translocations | |  2.4

Action                   |  1- 3 |  4- 6 || total
-------------------------+-------+-------++-------
Melee: Mace              |    70 |     5 ||    75
  Eat: Bread ration      |     2 |       ||     2
Armor: Robe              |    37 |     4 ||    41
Dodge: Dodged            |    62 |     3 ||    65
